 Dungeon Crawl Stone Soup version 0.31-a0-437-g7cee417757 (webtiles) character file.

Game seed: 1763842551018888395

417 AdnanSaban the Cudgeller (level 6, -1/38 HPs)
             Began as a Gargoyle Fighter on Aug 2, 2023.
             Slain by a mummy (3 damage)
             ... in an ossuary.
             The game lasted 00:03:15 (3577 turns).

AdnanSaban the Cudgeller (Gargoyle Fighter)         Turns: 3577, Time: 00:03:15

Health: -1/38      AC: 11    Str: 22    XL:     6   Next: 92%
Magic:  6/6        EV:  9    Int:  8    God:
Gold:   291        SH:  4    Dex:  9    Spells: 5/5 levels left

rFire   . . .        a - +0 flail
rCold   . . .        c - +0 buckler
rNeg    + . .        b - +0 scale mail
rPois   ∞            (no helmet)
rElec   +            (no cloak)
rCorr   .            (no gloves)
SInv    .            (no boots)
Will    .....        (no amulet) Stlth
                     (no ring)
HPRegen 0.26/turn    (no ring)
MPRegen 0.10/turn

%: no passive effects
@: no status effects
A: sickness immunity, AC +4, negative energy resistance 1, electricity
resistance, torment resistance 1, petrification resistance
a: no special abilities


You were in an ossuary.
You visited 1 branch of the dungeon, and saw 5 of its levels.
You also visited: Ossuary.

You collected 291 gold pieces.

Inventory:

Hand Weapons
 a - a +0 flail (weapon)
Missiles
 l - a throwing net
 n - 2 poisoned darts
 s - 5 javelins
 w - 3 boomerangs
Armour
 b - a +0 scale mail (worn)
 c - a +0 buckler (worn)
Jewellery
 e - a +4 ring of protection
 h - a ring of magical power
 v - a ring of protection from cold
Wands
 r - a wand of flame (4)
 x - a wand of charming (2)
Scrolls
 i - a scroll of brand weapon {unknown}
 j - a scroll of butterflies {unknown}
 k - 6 scrolls of identify {unknown}
 m - a scroll of enchant armour {unknown}
 o - 3 scrolls of teleportation {unknown}
 q - a scroll of fear {unknown}
 y - a scroll of noise {unknown}
 z - a scroll of blinking {unknown}
Potions
 d - a potion of might
 f - 2 potions of curing {unknown}
 g - 2 potions of enlightenment {unknown}
 p - 2 potions of haste {unknown}
 t - a potion of brilliance {unknown}
 u - a potion of resistance {unknown}
 A - a potion of lignification {unknown}
 B - a potion of experience {unknown}


   Skills:
 + Level 4.2 Fighting
 + Level 5.3 Maces & Flails
 + Level 4.7 Armour
 + Level 0.7 Dodging
 + Level 0.4 Stealth
 + Level 4.0 Shields


You had 5 spell levels left.
You didn't know any spells.
Your spell library contained the following spells:

 Spells                   Type           Power      Damage    Failure   Level
 Slow                     Hex            0%         N/A       80%         1
 Confusing Touch          Hex            0%         N/A       99%         3
 Vampiric Draining        Necr           0%         2d6       99%         3


Dungeon Overview and Level Annotations

Branches:
Dungeon (5/15)            Ossuary (1/1)
 Temple: D:4-7

Altars:
Fedhas

Shops:
D:4 ([

Annotations:
D:2 1 runed translucent door, Crazy Yiuf


Innate Abilities, Weirdness & Mutations

You are immune to sickness and miasma.
Your stone body is resilient. (AC +4)
You are immune to poison.
You resist negative energy. (rN+)
You are resistant to electric shocks. (rElec)
You are resistant to unholy torment.
You are immune to petrification.


Message History

You are too injured to fight recklessly!
You are too injured to fight recklessly!
You are too injured to fight recklessly!
You are too injured to fight recklessly!
You are too injured to fight recklessly!
You are too injured to fight recklessly!
You are too injured to fight recklessly!
You are too injured to fight recklessly!
You are too injured to fight recklessly!
You are too injured to fight recklessly!
Unknown command.
The hobgoblin zombie closely misses you.
The mummy barely misses you. The mummy closely misses you.
You block the orc zombie's attack.
A mummy comes into view.
A mummy comes into view.
The mummy misses you.
A mummy comes into view.
The mummy hits you.
You hit the mummy.
The mummy is lightly damaged.
The mummy closely misses you. The mummy hits you. The mummy closely misses you.
You barely miss the mummy.
The mummy is lightly damaged.
You block the mummy's attack. The mummy closely misses you. The mummy hits you!
* * * LOW HITPOINT WARNING * * *
You barely miss the mummy.
The mummy is lightly damaged.
The mummy hits you.
* * * LOW HITPOINT WARNING * * *
You hit the mummy.
The mummy is moderately damaged.
The mummy closely misses you. The mummy hits you!
* * * LOW HITPOINT WARNING * * *
The mummy barely misses you. x2
You thump the mummy!
The mummy is almost destroyed.
The mummy completely misses you. You block the mummy's attack.
The mummy closely misses you. The mummy hits you.
You die...

#############
......M@MZ..##
...####MMM...##
..... ##..##ZM....#
.....##....##.....#
..................#
...............##
.......M.....##
#........##+#
##......##


You could see 6 mummies, a hobgoblin zombie and an orc zombie.

Vanquished Creatures
  An ogre (D:4)
  A scorpion (D:4)
  A howler monkey (D:4)
  2 iguanas (D:5)
  A mummy (Ossuary)
  3 adders
  An ufetubus (D:4)
  4 worms
  4 dart slugs
  3 orcs
  2 bat skeletons (D:2)
  A bat zombie (D:2)
  13 endoplasms
  6 giant cockroaches
  3 gnoll zombies (Ossuary)
  8 goblins
  8 hobgoblins
  7 jackals
  A quokka (D:1)
  11 ball pythons
  A ball python skeleton (D:2)
  2 ball python zombies (D:2)
  6 bats
  3 frilled lizards
  8 kobolds
  3 kobold zombies (Ossuary)
  A quokka skeleton (D:2)
  A rat (D:1)
106 creatures vanquished.

Notes
Turn   | Place    | Note
-------+----------+-------------------------------------------
     0 | D:1      | AdnanSaban the Gargoyle Fighter began the quest for the
                  | Orb.
     0 | D:1      | Reached XP level 1. HP: 14/14 MP: 1/1
   141 | D:1      | Reached XP level 2. HP: 19/19 MP: 2/2
   278 | D:1      | Found a faded altar of an unknown god.
   853 | D:1      | Reached XP level 3. HP: 20/23 MP: 3/3
  1072 | D:2      | Found a runed translucent door.
  1073 | D:2      | Noticed Crazy Yiuf
  1463 | D:2      | Reached XP level 4. HP: 28/28 MP: 4/4
  1745 | D:3      | Found a blossoming altar of Fedhas.
  1765 | D:3      | Reached skill level 3 in Maces & Flails
  2286 | D:3      | Reached XP level 5. HP: 29/33 MP: 5/5
  2401 | D:4      | Reached skill level 4 in Maces & Flails
  2502 | D:4      | Noticed a yak
  2548 | D:4      | Reached XP level 6. HP: 38/38 MP: 6/6
  2661 | D:4      | Found Humaathre's Weapon Shop.
  3109 | D:4      | Found Vaololli's Armour Emporium.
  3299 | D:5      | Entered Level 5 of the Dungeon
  3308 | D:5      | Reached skill level 5 in Maces & Flails
  3514 | D:5      | Found a sand-covered staircase.
  3519 | Ossuary  | Entered an ossuary
  3576 | Ossuary  | HP: 1/38 [mummy (7)]
  3577 | Ossuary  | Slain by a mummy

Illustrated notes

Levels and vault maps discovered:
D:1:      giann_wishing_wells, layout_loops_corners,
          ebering_ecumenical_altar_sacrificial, minmay_cut_off
D:2:      layout_loops_ring, serial_undead, serial_undead_e, serial_undead_f,
          serial_undead_a, serial_undead_e, serial_undead_e, serial_undead_a,
          uniq_crazy_yiuf_cottage
D:3:      layout_basic, fedhas_ov_isle_minmay, minivault_14, dk_vineyard_1,
          minmay_fractal_squares_diagonal_5
D:4:      layout_loops_ring, serial_shops, nicolae_shop_rolling_square,
          nicolae_stop_n_shop_1, lightli_corner_chamber
D:5:      layout_basic, enter_ossuary_2, uniq_pikel
Ossuary:  ossuary_tomb_3

Skill      XL: |  1  2  3  4  5  6 |
---------------+-------------------+-----
Armour         | 4 |  4.7
Maces & Flails | 3 4 5 |  5.3
Fighting       | 4 |  4.2
Shields        | 4 |  4.0
Dodging        | |  0.7
Stealth        | |  0.4

Action                     |  1- 3 |  4- 6 || total
---------------------------+-------+-------++-------
  Melee: Flail             |   127 |   255 ||   382
 Armour: Scale mail        |    78 |   133 ||   211
  Dodge: Dodged            |    61 |   132 ||   193
  Block: Buckler           |    29 |    66 ||    95

Table legend: (Time is in decaauts)
 A = Elapsed time spent in this place.
 B = Non-inter-level travel time spent in this place.
 C = Inter-level travel time spent in this place.
 D = Time resting spent in this place.
 E = Time spent auto-exploring this place.
 F = Levels seen in this place.
 G = Mean time per level.
                   A        B        C        D        E       F      G
               +--------+--------+--------+--------+--------+-----+--------+
         Total |   3682 |   3497 |    185 |      0 |   2693 |   6 |  613.7 |
       Dungeon |   3620 |   3435 |    185 |      0 |   2686 |   5 |  724.0 |
       Ossuary |     61 |     61 |      0 |      0 |      7 |   1 |   61.0 |
               +--------+--------+--------+--------+--------+-----+--------+

Top non-repeatable levels by time:
     D:1: 995 daAuts
     D:4: 938 daAuts
     D:2: 789 daAuts
     D:3: 677 daAuts
     D:5: 221 daAuts
 Ossuary: 61 daAuts
